 Dungeon Crawl Stone Soup version 0.28-a0-662-g1651b1f1e0 (webtiles) character file.

Game seed: 11834716625650149474

187 karkarkar the Conjurer (level 5, -5/38 HPs)
             Began as a Draconian Conjurer on Oct 14, 2021.
             Killed from afar by Sigmund (10 damage)
             ... with a magic dart
             ... on level 3 of the Dungeon.
             The game lasted 00:09:46 (3239 turns).

karkarkar the Conjurer (Draconian Conjurer)         Turns: 3239, Time: 00:09:46

Health: -5/38      AC:  5    Str:  9    XL:     5   Next: 39%
Magic:  5/10       EV: 12    Int: 20    God:
Gold:   120        SH:  0    Dex:  9    Spells: 6/10 levels left

rFire   . . .      SeeInvis .   (no weapon)
rCold   . . .      Faith    .   (no shield)
rNeg    . . .      Spirit   .   (armour unavailable)
rPois   .          Reflect  .   (helmet restricted)
rElec   .          Harm     .   (no cloak)
rCorr   .          Rampage  .   (no gloves)
Will    .....                   (no boots)
Stlth   ++........              (no amulet)
HPRegen 0.12/turn               (no ring)
MPRegen 0.12/turn               (no ring)

@: about to teleport
A: AC +5, unfitting armour, cold-blooded
a: no special abilities


You were on level 3 of the Dungeon.
You visited 1 branch of the dungeon, and saw 3 of its levels.

You collected 120 gold pieces.

Inventory:

Scrolls
 d - 3 scrolls of teleportation
 g - a scroll of enchant weapon {unknown}
 h - a scroll of identify {unknown}
 i - a scroll of magic mapping {unknown}
Potions
 a - 2 potions of lignification {unknown}
 b - 2 potions of curing {unknown}
 c - a potion of heal wounds {unknown}
 e - a potion of flight {unknown}
 f - a potion of invisibility {unknown}


   Skills:
 + Level 2.1 Dodging
 + Level 2.2 Stealth
 + Level 3.3 Spellcasting
 + Level 5.1 Conjurations
 * Level 1.7 Translocations
 + Level 0.1 Fire Magic


You had 6 spell levels left.
You knew the following spells:

 Your Spells              Type           Power      Damage    Failure   Level
a - Magic Dart            Conj           96%        1d7       1%          1
b - Searing Ray           Conj           48%        2d6       2%          2
c - Foxfire               Conj/Fire      52%        2x1d6     4%          1

Your spell library contained the following spells:

 Spells                   Type           Power      Damage    Failure   Level
 Dazzling Flash           Conj/Hex       26%        N/A       14%         3
 Iskenderun's Mystic Bla  Conj/Tloc      17%        2d5       32%         4
 Fulminant Prism          Conj/Hex       6%         3d7       43%         4


Dungeon Overview and Level Annotations

Branches:
Dungeon (3/15)

Altars:

Annotations:
D:3 2 transporters, Dittersdorf's ghost, amateur GrFi; Sigmund


Innate Abilities, Weirdness & Mutations

Your plain brown scales are hard. (AC +5)
You cannot fit into any form of body armour.
You are cold-blooded and may be slowed by cold attacks.


Message History

Sigmund gestures wildly while chanting.
Sigmund flickers and vanishes!
Deactivating autopickup; reactivate with Ctrl-A.
You bump into the rock wall.
Something hits you!
You feel less confused. Natasha completely misses you. Something hits you.
Natasha misses you. Something hits you.
Natasha mumbles some strange words.
You feel disoriented. Natasha closely misses you.
Okay, then.
Natasha closely misses you.
Aiming: Searing Ray (safe; 2% risk of failure)
Press: ? - help, Q - select action, (/) - cycle Shift-Dir - straight line The searing ray misses Natasha.
The searing ray hits something. (Press . to maintain the ray.)
Something hits you. Natasha claws you.
The searing ray hits Natasha.
Natasha is moderately wounded.
The searing ray hits something.
Natasha closely misses you.
The searing ray hits Natasha.
Natasha is severely wounded.
Something barely misses you.
Natasha stares at you and mumbles some strange words.
You resist with some effort.
The searing ray hits Natasha.
You kill Natasha!
Natasha yowls pathetically as she dies!
The searing ray hits something!
You finish channelling your searing ray.
Something hits you but does no damage.
A puff of flame appears from out of thin air!
The puff of flame hits you!
* * * LOW HITPOINT WARNING * * *
As you read the scroll labelled HOAF KOGUOW, it crumbles to dust.
You feel strangely unstable.
It was a scroll of teleportation.
A magic dart appears from out of thin air!
The magic dart hits you!
You die...

####.### #######.
#......######.......
#...................
#...................
#...{.........).....
#######...####.#.......
#.....#...# #.#.......
#.....#...####.#.......
#.....@........#.......
#....).......###.......
#.........##...........
#............###.......
#........).............
#.)....#.....###.......
##)###.................
#)#####.....#.........
#.....#...............


There were no monsters in sight!

Vanquished Creatures
  Terence (D:2)
  Natasha (twice) (D:3)
  An adder (D:2)
  4 gnolls (D:3)
  2 dart slugs
  3 orcs (D:3)
  6 ball pythons
  4 bats
  3 endoplasms
  3 giant cockroaches
  6 hobgoblins
  A quokka (D:1)
  4 frilled lizards
  7 goblins
  7 kobolds
  9 rats
63 creatures vanquished.

Vanquished Creatures (collateral kills)
  A foxfire (D:1)
1 creature vanquished.

Vanquished Creatures (others)
  7 foxfires
  10 plants (D:2)
17 creatures vanquished.

Grand Total: 81 creatures vanquished

Notes
Turn   | Place    | Note
-------+----------+-------------------------------------------
     0 | D:1      | karkarkar the Draconian Conjurer began the quest for the
                  | Orb.
     0 | D:1      | Reached XP level 1. HP: 14/14 MP: 3/3
   263 | D:1      | Reached XP level 2. HP: 20/20 MP: 1/5
   266 | D:1      | Learned a level 2 spell: Searing Ray
   905 | D:1      | Found a faded altar of an unknown god.
   916 | D:1      | Got Plato's Incunabulum of Attacks
   919 | D:1      | Learned a level 1 spell: Foxfire
  1202 | D:2      | Noticed Terence
  1520 | D:2      | Reached XP level 3. HP: 26/26 MP: 3/6
  1644 | D:2      | Killed Terence
  1645 | D:2      | Reached skill level 1 in Translocations
  1822 | D:2      | Reached XP level 4. HP: 33/33 MP: 1/7
  2323 | D:3      | Reached skill level 5 in Conjurations
  2677 | D:3      | Noticed Natasha
  2996 | D:3      | Found a transporter.
  3060 | D:3      | Reached XP level 5. HP: 38/38 MP: 7/9
  3092 | D:3      | Noticed Dittersdorf's ghost (amateur GrFi)
  3093 | D:3      | Found a transporter.
  3104 | D:3      | Killed Natasha
  3204 | D:3      | Noticed Sigmund
  3211 | D:3      | Noticed Natasha
  3225 | D:3      | Killed Natasha
  3239 | D:3      | Killed from afar by Sigmund

Illustrated notes

Levels and vault maps discovered:
D:1:      sevenhm_arrival_forest_fort_small_3, layout_loops_ring,
          shapermc_ecumenical_altar_rom_forum
D:2:      layout_basic, serial_bayou_pond_c, uniq_terence
D:3:      layout_basic, gammafunk_ghost_stat_death, guppyfry_early_orc_mine,
          uniq_natasha, uniq_sigmund

Skill      XL: |  1  2  3  4 |
---------------+-------------+-----
Stealth        | 2 |  2.2
Translocations | 1 |  1.7
Dodging        | 2 |  2.1
Conjurations   | 5 |  5.1
Spellcasting   | 3 |  3.3
Fire Magic     | |  0.1

Action                   |  1- 3 |  4- 6 || total
-------------------------+-------+-------++-------
Melee: Unarmed           |     5 |       ||     5
       Tailslap          |     1 |       ||     1
 Cast: Magic Dart        |    26 |    20 ||    46
       Searing Ray       |    20 |    16 ||    36
       Foxfire           |     5 |     2 ||     7
  Use: Scroll            |       |     1 ||     1
Armor: Skin              |    18 |     4 ||    22
Dodge: Dodged            |    11 |    21 ||    32

Table legend: (Time is in decaauts)
 A = Elapsed time spent in this place.
 B = Non-inter-level travel time spent in this place.
 C = Inter-level travel time spent in this place.
 D = Time resting spent in this place.
 E = Time spent auto-exploring this place.
 F = Levels seen in this place.
 G = Mean time per level.
                   A        B        C        D        E       F      G
               +--------+--------+--------+--------+--------+-----+--------+
         Total |   3242 |   3194 |     48 |    783 |   1801 |   3 | 1080.7 |
       Dungeon |   3242 |   3194 |     48 |    783 |   1801 |   3 | 1080.7 |
               +--------+--------+--------+--------+--------+-----+--------+

Top non-repeatable levels by time:
     D:1: 1128 daAuts
     D:2: 1103 daAuts
     D:3: 1011 daAuts
